 Dungeon Crawl Stone Soup version 0.28-a0-664-gc179e30c89 (webtiles) character file.

Game seed: 12562758217360151960

58 Irenicus the Digger (level 3, -1/42 HPs)
             Began as a Deep Dwarf Earth Elementalist on Oct 15, 2021.
             Slain by an ogre (17 damage)
             ... on level 4 of the Dungeon.
             The game lasted 00:03:36 (490 turns).

Irenicus the Digger (Deep Dwarf Earth Elementalist)  Turns: 490, Time: 00:03:37

Health: -1/42      AC:  2    Str: 11    XL:     3   Next: 76%
Magic:  0/5        EV: 12    Int: 16    God:
Gold:   86         SH:  0    Dex: 13    Spells: 2/5 levels left

rFire   . . .      SeeInvis .   (no weapon)
rCold   . . .      Faith    .   (no shield)
rNeg    . . .      Spirit   .   b - +0 robe
rPois   .          Reflect  .   (no helmet)
rElec   .          Harm     .   (no cloak)
rCorr   .          Rampage  .   (no gloves)
Will    .....                   (no boots)
Stlth   ..........              f - amulet of the acrobat
HPRegen 0.00/turn               (no ring)
MPRegen 0.09/turn               (no ring)

@: berserking (expiring), very quick
A: damage resistance, heal wounds, sense surroundings 1, no regeneration
a: Heal Wounds


You were on level 4 of the Dungeon.
You visited 1 branch of the dungeon, and saw 4 of its levels.

You collected 86 gold pieces.


Innate Abilities, Weirdness & Mutations

You are resistant to damage.
You can heal yourself by infusing magical energy.
You passively map a small area around you.
You do not regenerate.


   Skills:
 - Level 2.1 Dodging
 - Level 2.4 Stealth
 - Level 1.7 Spellcasting
 - Level 0.8 Transmutations
 + Level 6.3 Earth Magic


You had 2 spell levels left.
You knew the following spells:

 Your Spells              Type           Power      Damage    Failure   Level
w - Passwall              Tmut/Erth      10%        N/A       8%          2
z - Sandblast             Erth           42%        2d11      1%          1

Your spell library contained the following spells:

 Spells                   Type           Power      Damage    Failure   Level
 Stone Arrow              Conj/Erth      22%        3d8       17%         3
 Petrify                  Tmut/Erth      12%        N/A       43%         4

Inventory:

Missiles
 c - 48 stones
 e - 10 poisoned darts
Armour
 b - a +0 robe (worn)
Jewellery
 f - an amulet of the acrobat (around neck)
Scrolls
 a - a scroll of teleportation {@r2}
Potions
 g - a potion of lignification {unknown}

Dungeon Overview and Level Annotations

Branches:
Dungeon (4/15)
 Temple: D:4-7

Altars:
Ashenzari

#..†..########.#####,, *
,#.)###...............
,......<................, ,
#......#................ ,
#.......................,
#....#P.P#..............,,,
#....##.##..............
#.### #.#####..J.O...Z.. ,
,#. ,#..†@h...... ,, ,, *,
#........... * ,
,#........... ,#...........
* , #........... ,
#.......<... , , ,
*#........... ............
, , ,


You could see an ogre, a hound, an endoplasm and an adder skeleton.


Message History

The endoplasm freezes you.
You are frozen.
* * * LOW HITPOINT WARNING * * *
A hound comes into view.
The dart slug launches a dart at you. The slug dart misses you.
It was a potion of berserk rage.
A red film seems to cover your vision as you go berserk!
You feel yourself moving faster!
You feel mighty!
The endoplasm hits you but does no damage.
The dart slug launches a dart at you. The slug dart hits you.
* * * LOW HITPOINT WARNING * * *
You punch the dart slug!
You kill the dart slug!
You barely miss the endoplasm.
The hound pauses to sniff the ground.
The endoplasm freezes you.
You are frozen.
* * * LOW HITPOINT WARNING * * *
You barely miss the ogre.
The endoplasm hits you but does no damage.
An adder skeleton comes into view.
You completely miss the ogre. The hound bites you. The ogre closely misses you.
You barely miss the ogre. The endoplasm closely misses you.
The hound bites you.
You barely miss the ogre. The hound bites you.
* * * LOW HITPOINT WARNING * * *
The ogre hits you with a +0 giant club!!
You die...

Skill      XL: |  1  2  3 |
---------------+----------+-----
Earth Magic    | 5 6 |  6.3
Dodging        | |  2.1
Stealth        | |  2.4
Spellcasting   | |  1.7
Transmutations | |  0.8

Action                   || total
-------------------------++-------
Melee: Unarmed           ||    11
 Cast: Sandblast         ||    24
       Passwall          ||     2
  Use: Scroll            ||     3
       Potion            ||     1
Armor: Robe              ||     2
Dodge: Dodged            ||    12

Levels and vault maps discovered:
D:1:      nicolae_arrival_somewhat_less_tricky_arrival, layout_loops_ring
D:2:      kennysheep_six_static_rooms, layout_basic,
          ebering_ecumenical_altar_abandoned, patterned_corridor
D:3:      layout_basic, cheibrodos_worm_habitat, mainiacjoe_overflow_24_doors,
          mainiacjoe_overflow_surrounded_room, grunt_decor_clamped,
          wander_ebering_terrifying_dragon_lair, uniq_grinder
D:4:      layout_basic, fedhas_altar_decomposition

Notes
Turn   | Place    | Note
-------+----------+-------------------------------------------
     0 | D:1      | Irenicus the Deep Dwarf Earth Elementalist began the quest
                  | for the Orb.
     0 | D:1      | Reached XP level 1. HP: 15/15 MP: 3/3
   121 | D:2      | Reached XP level 2. HP: 14/22 MP: 0/4
   135 | D:2      | Reached skill level 5 in Earth Magic
   160 | D:2      | Found a faded altar of an unknown god.
   165 | D:2      | Reached XP level 3. HP: 17/28 MP: 0/5
   312 | D:3      | Learned a level 2 spell: Passwall
   371 | D:3      | Found a broken altar of Ashenzari.
   416 | D:4      | Reached skill level 6 in Earth Magic
   480 | D:4      | Noticed an ogre
   490 | D:4      | Slain by an ogre

Vanquished Creatures
  3 gnolls (D:2)
  An adder (D:4)
  A worm (D:2)
  2 dart slugs (D:4)
  An orc (D:4)
  A giant cockroach (D:2)
  A goblin (D:3)
  2 hobgoblins
  A ball python (D:4)
  A kobold (D:4)
  2 rats (D:2)
16 creatures vanquished.

Vanquished Creatures (others)
  7 plants (D:4)
7 creatures vanquished.

Grand Total: 23 creatures vanquished

Table legend: (Time is in decaauts)
 A = Elapsed time spent in this place.
 B = Non-inter-level travel time spent in this place.
 C = Inter-level travel time spent in this place.
 D = Time resting spent in this place.
 E = Time spent auto-exploring this place.
 F = Levels seen in this place.
 G = Mean time per level.
                   A        B        C        D        E       F      G
               +--------+--------+--------+--------+--------+-----+--------+
         Total |    487 |    487 |      0 |      0 |      0 |   4 |  121.8 |
       Dungeon |    487 |    487 |      0 |      0 |      0 |   4 |  121.8 |
               +--------+--------+--------+--------+--------+-----+--------+

Top non-repeatable levels by time:
     D:2: 162 daAuts
     D:3: 148 daAuts
     D:1: 91 daAuts
     D:4: 84 daAuts

Table legend:
 A = Non-vault XP
 B = Vault XP
 C = Vault XP percentage of total XP
 D = Non-vault monster count
 E = Vault monster count
 F = Vault count percentage of total count
                 A         B        C        D         E       F
            +---------+---------+-------+---------+---------+-------
      Total |      84 |       0 |   0.0 |      16 |       0 |   0.0
            +---------+---------+-------+---------+---------+-------
        D:2 |      54 |       0 |   0.0 |       8 |       0 |   0.0
        D:3 |       2 |       0 |   0.0 |       1 |       0 |   0.0
        D:4 |      28 |       0 |   0.0 |       7 |       0 |   0.0
            +---------+---------+-------+---------+---------+-------
